 Dungeon Crawl Stone Soup version 0.22-a0-433-gd2a9cce (webtiles) character file.

197 Gorglomux the Skirmisher (level 5, -4/47 HPs)
             Began as a Minotaur Abyssal Knight on May 27, 2018.
             Was a Follower of Lugonu.
             Killed from afar by Gildeon's ghost (7 damage)
             ... with a magic dart
             ... on level 3 of the Dungeon.
             The game lasted 00:03:08 (2420 turns).

Gorglomux the Skirmisher (Minotaur Abyssal Knight)  Turns: 2420, Time: 00:03:09

Health: -4/47      AC:  7    Str: 17 (18) XL:     5   Next: 46%
Magic:  6/6        EV: 10    Int:  9      God:    Lugonu [*.....]
Gold:   160        SH:  0    Dex:  9      Spells: 4/4 levels left

rFire    + . .     SeeInvis .   a - +1 hand axe
rCold    + . .     Gourm    .   (no shield)
rNeg     . . .     Faith    .   s - +0 ring mail
rPois    +         Spirit   .   (helmet restricted)
rElec    +         Reflect  .   (no cloak)
rCorr    +         Harm     .   (no gloves)
MR       .....                  (no boots)
Stlth    +.........             (no amulet)
HPRegen  0.15/turn              (no ring)
MPRegen  0.10/turn              (no ring)

@: confused, lethally poisoned (-4 -> -9), resistant, hasted, very quick
A: retaliatory headbutt, horns 2, iridescent scales 1, camouflage 1,
deterioration 2
a: Depart the Abyss, Renounce Religion


You were on level 3 of the Dungeon.
You worshipped Lugonu.
Lugonu was aware of your devotion.
You were not hungry.

You visited 1 branch of the dungeon, and saw 3 of its levels.
You visited the Abyss 1 time.

You collected 160 gold pieces.

Inventory:

Hand Weapons
 a - a +1 hand axe (weapon)
Armour
 s - a +0 ring mail (worn)
Jewellery
 g - an uncursed ring of resist corrosion {unknown}
 n - an uncursed ring of protection from magic {unknown}
Scrolls
 e - a scroll of enchant weapon {unknown}
 f - 2 scrolls of magic mapping {unknown}
 i - 5 scrolls of identify {unknown}
 j - 3 scrolls of remove curse {unknown}
 k - a scroll of teleportation {unknown}
 r - a scroll of immolation {unknown}
Miscellaneous
 d - a crystal ball of energy
Comestibles
 c - 4 rations
 t - 7 chunks of flesh


   Skills:
 + Level 4.9 Fighting
 + Level 4.0 Axes
 + Level 4.0 Armour
 - Level 1.1 Dodging
 + Level 3.1 Invocations


You had 4 spell levels left.
You didn't know any spells.
Your spell library was empty.

Dungeon Overview and Level Annotations

Branches:
Dungeon (3/15)

Altars:
Ashenzari
Hepliaklqana
Nemelex Xobeh

Annotations:
D:3 Gildeon's ghost, amateur DECj; Natasha


Innate Abilities, Weirdness & Mutations

You reflexively headbutt those who attack you in melee.
You have a pair of horns on your head.
You are partially covered in iridescent scales. (AC +2)
Your skin changes colour to match your surroundings (Stealth+).
Your body often deteriorates upon taking damage.


Message History

* * * don't die
* * * Natasha closely misses you!
Unknown command!
You feel yourself speed up! * * * don't die
* * * You feel sick!
Gildeon's ghost closely misses you!
The shadow imp shouts, "Remove thy stench, thou defiled moldwarp cud-chewer!!!"
The shadow imp barely misses you!
The shadow imp hits you but does no damage!
The crimson imp hits you! * * * don't die
* * * Natasha closely misses you!
You closely miss the shadow butt!
The shadow imp is heavily wounded!
You closely miss Gildeon's ghost! You carve Natasha but do no damage!
You miss the crimson imp! You miss the shadow imp!
The shadow imp disappears in a puff of smoke!!!
Gildeon's ghost gestures at you while chanting!
The magic dart hits you!!! rip

####..#.#.
#.##.#†.##..## .........
# ##.##.## .......#
#......# .......
#..##..# .......# #
#..##...
.......###..###.....#..
# #......#.......####..#
# #......#..###§.# ..# #
#.>..........W@####..# #
#.......#.#.#h55......
###..............#####..
÷.........#.#.#....#
.................###
....##.##.#.#.#..#
....##.##........#
....##.####..#.###
.............#.#


You could see Natasha, Gildeon's ghost, a crimson imp and a shadow imp.

Vanquished Creatures
  A water moccasin skeleton (D:2)
  Natasha (twice) (D:3)
  3 adders
  3 worms
  2 dart slugs (D:1)
  2 leopard geckos
  An orc (D:3)
  2 giant cockroaches
  9 goblins
  6 hobgoblins
  4 jackals (D:3)
  3 quokkas
  3 bats
  7 frilled lizards
  5 kobolds
  10 rats
63 creatures vanquished.

Vanquished Creatures (others)
  A plant (D:3)
1 creature vanquished.

Grand Total: 64 creatures vanquished

Notes
Turn   | Place    | Note
-------+----------+-------------------------------------------
     0 | Abyss:1  | Gorglomux the Minotaur Abyssal Knight began the quest for the Orb.
     0 | Abyss:1  | Reached XP level 1. HP: 19/19 MP: 1/1
    36 | Abyss:3  | Noticed a large abomination
    36 | Abyss:3  | Noticed a large abomination
    68 | Abyss:3  | Noticed a chaos spawn
    77 | Abyss:3  | Noticed a large abomination
    81 | Abyss:3  | Noticed a smoke demon
    81 | D:1      | Escaped the Abyss
   282 | D:1      | Reached XP level 2. HP: 27/27 MP: 2/2
   371 | D:1      | Reached * piety under Lugonu
   801 | D:2      | Found a sparkling altar of Nemelex Xobeh.
   812 | D:2      | Reached skill level 3 in Axes
   812 | D:2      | Reached skill level 3 in Armour
   812 | D:2      | Reached XP level 3. HP: 33/34 MP: 3/3
   812 | D:2      | Reached XP level 4. HP: 39/41 MP: 4/4
  1972 | D:3      | Noticed Gildeon's ghost (amateur DECj)
  2227 | D:3      | Noticed Natasha
  2229 | D:3      | Killed Natasha
  2229 | D:3      | Reached skill level 3 in Invocations
  2229 | D:3      | Reached XP level 5. HP: 47/47 MP: 6/6
  2234 | D:3      | Found a hazy altar of Hepliaklqana.
  2236 | D:3      | Noticed Natasha
  2240 | D:3      | Killed Natasha
  2274 | D:3      | Found a shattered altar of Ashenzari.
  2278 | D:3      | Saw a vision of the Swamp and the Snake Pit.
  2278 | D:3      | Noticed an alligator
  2278 | D:3      | Noticed a hornet
  2278 | D:3      | Noticed a water moccasin
  2278 | D:3      | Noticed a naga sharpshooter
  2278 | D:3      | Noticed a hornet
  2278 | D:3      | Noticed an alligator
  2278 | D:3      | Noticed a swamp drake
  2278 | D:3      | Noticed a mana viper
  2278 | D:3      | Noticed a shock serpent
  2279 | D:3      | Noticed a water moccasin
  2280 | D:3      | Noticed a water moccasin
  2283 | D:3      | Noticed a naga mage
  2406 | D:3      | Noticed Natasha
  2409 | D:3      | Gained mutation: Your skin changes colour to match your surroundings (Stealth+). [potion of mutation]
  2409 | D:3      | Gained mutation: Your body sometimes deteriorates upon taking damage. [potion of mutation]
  2409 | D:3      | Gained mutation: Your body often deteriorates upon taking damage. [potion of mutation]
  2409 | D:3      | Gained mutation: You are partially covered in iridescent scales. (AC +2) [potion of mutation]
  2420 | D:3      | Killed from afar by Gildeon's ghost

Vault maps used:
D:1:      onia_arrival_pyramid
D:2:      nicolae_overflow_crystal_walls, kennysheep_nub, minmay_crystal_room
D:3:      minmay_diamond_boxcup, okawaru_gym_becter, lemuel_crystal_altar,
          lemuel_round_altar, serial_glass, glass_columns_b, glass_columns_b,
          feat_on_display, grunt_ashenzari_visionary, uniq_terence, uniq_natasha
Abyss:2:  minivault_25_ag
Abyss:3:  minivault_24, grunt_abyss_rune_wretched_hive

Skill      XL: |  1  2  3  4  5 |
---------------+----------------+-----
Invocations    | 2 3 |  3.1
Fighting       | 4 |  4.9
Axes           | 3 4 |  4.0
Armour         | 3 4 |  4.0
Dodging        | |  1.1

Action                   |  1- 3 |  4- 6 || total
-------------------------+-------+-------++-------
Melee: Hand axe          |    45 |   122 ||   167
       Headbutt          |     2 |    21 ||    23
Invok: Depart the Abyss  |     1 |       ||     1
  Use: Potion            |       |     6 ||     6
  Eat: Chunk             |       |     5 ||     5
Armor: Leather armour    |     5 |    15 ||    20
       Ring mail         |       |    21 ||    21
Dodge: Dodged            |    26 |    66 ||    92

Table legend:
 A = Spawn XP
 B = Non-spawn XP
 C = Spawn XP percentage of total XP
 D = Spawn monster count
 E = Non-spawn monster count
 F = Spawn count percentage of total count
 G = Total turns spent on level
                    A         B        C        D         E        F      G
               +---------+---------+-------+---------+---------+-------+---------
         Total |       0 |     282 |   0.0 |       0 |      63 |   0.0 |  2420
               +---------+---------+-------+---------+---------+-------+---------
           D:1 |       0 |      36 |   0.0 |       0 |      21 |   0.0 |  1035
           D:2 |       0 |     136 |   0.0 |       0 |      28 |   0.0 |  1068
           D:3 |       0 |     110 |   0.0 |       0 |      14 |   0.0 |   236
               +---------+---------+-------+---------+---------+-------+---------
